 Dungeon Sprint DCSS version 0.17-a0-1508-ge7f3dc3 (webtiles) character file.

647 Kidiri the Covert (level 7, -18/32 HPs)
             Began as a Spriggan Enchanter on July 10, 2015.
             Rolled over by a boulder beetle (50 damage)
             ... in the Dungeon (Sprint II: "The Violet Keep of Menkaure").
             The game lasted 00:02:54 (623 turns).

Kidiri the Covert (Spriggan Enchanter)               Turns: 623, Time: 00:02:54

Health: -18/32     AC:  3    Str:  4    XL:     7   Next: 27%
Magic:  14/19      EV: 25    Int: 17    God:
Gold:   729        SH:  0    Dex: 18    Spells: 5 memorised, 10 levels left

rFire  . . .     SeeInvis +     a - +1 dagger
rCold  . . .     Clarity  .     b - +1 robe
rNeg   . . .     SustAt   .     (shield restricted)
rPois  .         Gourm    .     (helmet restricted)
rElec  .         Spirit   .     (no cloak)
rCorr  .         Warding  .     (gloves unavailable)
rMut   .         NoTele   +     (boots unavailable)
MR     +....                    (no amulet)
Stlth  +++++++...               (no ring)
                                (no ring)

@: very quick, somewhat resistant to hostile enchantments, extremely stealthy
A: unfitting armour, see invisible, herbivore 3, speed 3, slow metabolism 2
a: no special abilities


You were in the Dungeon.
You were not hungry.

You visited 1 branch You collected 729 gold pieces.

Inventory:

Hand weapons
 a - a +1 dagger (weapon)
Armour
 b - a +1 robe (worn)
Scrolls
 j - a scroll of blinking
Potions
 e - a potion of curing
 f - a potion of heal wounds
 g - a potion of haste
 h - 2 potions of magic
Books
 c - a book of Maledictions

   Spells                             Type                      Level
   a - Corona                         Hexes                        1
   b - Ensorcelled Hibernation        Hexes/Ice                    2
   c - Confuse                        Hexes                        3
   d - Tukima's Dance                 Hexes                        3
   e - Dazzling Spray                 Conjuration/Hexes            3
Comestibles
 d - a bread ration


   Skills:
 + Level 6.9 Short Blades
 + Level 9.3 Dodging
 * Level 13.9 Stealth
 + Level 8.0 Spellcasting
 + Level 1.8 Conjurations
 + Level 8.3 Hexes
 + Level 1.9 Ice Magic


You had 10 spell levels left.
You knew the following spells:

 Your Spells              Type           Power        Failure   Level  Hunger
a - Corona                Hex            #####..      1%          1    None
b - Ensorcelled Hibernat  Hex/Ice        ###...       1%          2    None
c - Confuse               Hex            #####...     1%          3    #......
d - Tukima's Dance        Hex            #####...     1%          3    #......
e - Dazzling Spray        Conj/Hex       ###.....     4%          3    #......


Dungeon Overview and Level Annotations

Branches:
Dungeon (1/1)

Altars:

Shops:
D ?:(![=:=


Innate Abilities, Weirdness & Mutations

You are tiny and cannot use many weapons and most armour.
You have supernaturally acute eyesight.
You are a herbivore.
You cover ground extremely quickly.
You need consume almost no food.


Message History

You already know all available spells.
Unknown command.
You open the door.
The boulder beetle twitches its antennae in your direction.
The boulder beetle curls into a ball and starts rolling!
Casting: Ensorcelled Hibernation
Confirm with . or Enter, or press ? or * to list all spells.
Aiming: Ensorcelled Hibernation
Press: ? - help, Shift-Dir - straight line, f - boulder beetle
Aim: a boulder beetle (rolling, chance to defeat MR: 36%)
The boulder beetle easily resists.
Casting: Ensorcelled Hibernation
Confirm with . or Enter, or press ? or * to list all spells.
Aiming: Dazzling Spray
Press: ? - help, Shift-Dir - straight line, f/p - boulder beetle
Aim: a boulder beetle (rolling)
The spray of energy hits the boulder beetle.
The boulder beetle is dazzled.
The boulder beetle smashes into you!
Ouch! That really hurt!
You die...

######≈ .....#≈
##+## ⌠....#≈
##.#.## .∩...#≈
#..#..# ∩.∩..#≈
###.@.## #
.∩.∩.#≈##.###B## .##
..∩.∩#≈#.####§##..$#
+≈+##§§.§.'#
....∩#≈#...##§##...#
▓▓▓###≈##.###'## .##
######≈ ####.#.## #
## #.###.# ##.#.##


You could see a boulder beetle (blind).

Vanquished Creatures
  2 hippogriffs (D)
  4 necrophages (D)
  3 worms (D)
9 creatures vanquished.

Notes
Turn   | Place    | Note
--------------------------------------------------------------
     0 | D        | Kidiri the Spriggan Enchanter began the quest for the Orb.
     0 | D        | Reached XP level 1. HP: 9/9 MP: 5/5
     4 | D        | Noticed a hippogriff
     4 | D        | Noticed a hippogriff
     7 | D        | Noticed a boulder beetle
     7 | D        | Noticed a boulder beetle
    10 | D        | Noticed a necrophage
    10 | D        | Noticed a necrophage
    10 | D        | Noticed a necrophage
    10 | D        | Noticed a necrophage
    18 | D        | Killed a necrophage
    18 | D        | Reached skill level 5 in Dodging
    18 | D        | Reached skill level 8 in Stealth
    18 | D        | Reached skill level 5 in Hexes
    18 | D        | Reached XP level 2. HP: 13/13 MP: 5/8
    18 | D        | Reached XP level 3. HP: 16/16 MP: 6/10
    18 | D        | Reached XP level 4. HP: 21/21 MP: 6/11
    23 | D        | Killed a necrophage
    23 | D        | Reached skill level 5 in Short Blades
    23 | D        | Reached skill level 10 in Stealth
    23 | D        | Reached skill level 5 in Spellcasting
    23 | D        | Reached XP level 5. HP: 24/24 MP: 7/14
    30 | D        | Killed a necrophage
    30 | D        | Reached skill level 11 in Stealth
    30 | D        | Reached XP level 6. HP: 28/28 MP: 7/16
    36 | D        | Killed a necrophage
    36 | D        | Reached skill level 12 in Stealth
    60 | D        | Learned a level 2 spell: Ensorcelled Hibernation
    64 | D        | Learned a level 3 spell: Confuse
    68 | D        | Learned a level 3 spell: Tukima's Dance
    72 | D        | Learned a level 3 spell: Dazzling Spray
   110 | D        | Found Toduut's Book Boutique.
   110 | D        | Found Futum's Jewellery Shop.
   110 | D        | Found Isuyw's Antique Weapon Boutique.
   110 | D        | Found Winuff's Distillery.
   110 | D        | Found Caqob's Book Shop.
   111 | D        | Found Ciagur's Jewellery Shop.
   111 | D        | Found Ciczets's Armour Shop.
   111 | D        | Found Emueptol's Magic Scroll Shop.
   131 | D        | Killed a hippogriff
   131 | D        | Reached skill level 13 in Stealth
   131 | D        | Reached skill level 1 in Conjurations
   131 | D        | Reached skill level 1 in Ice Magic
   134 | D        | Killed a hippogriff
   134 | D        | Reached XP level 7. HP: 12/32 MP: 7/19
   623 | D        | Rolled over by a boulder beetle

Vault maps used:
D:        the_violet_keep_of_menkaure

Action                   |  1- 3 |  4- 6 |  7- 9 || total
-------------------------+-------+-------+-------++-------
Melee: Dagger            |     6 |    24 |       ||    30
 Cast: Ensorcelled Hiber |       |     6 |     8 ||    14
       Dazzling Spray    |       |       |     1 ||     1
  Use: Potion            |     1 |       |       ||     1
 Stab: Sleeping          |       |     5 |       ||     5
